 Dungeon Crawl Stone Soup version 0.31-a0-237-g2d982f9f85 (webtiles) character file.

Game seed: 17999237797069698693

163 qw the Shooter (level 5, -2/45 HPs)
             Began as a Minotaur Hexslinger on July 10, 2023.
             Slain by an orc
             ... wielding a +0 club
              (3 damage)
             ... on level 3 of the Dungeon.
             The game lasted 00:00:53 (2032 turns).

qw the Shooter (Minotaur Hexslinger)                Turns: 2032, Time: 00:00:54

Health: -2/45      AC:  3    Str: 13    XL:     5   Next: 20%
Magic:  5/5        EV: 12    Int: 10    God:
Gold:   157        SH:  0    Dex: 20    Spells: 5/6 levels left

rFire   . . .        Y - +1 sling
rCold   . . .        (no shield)
rNeg    . . .        a - +0 leather armour
rPois   +            (helmet restricted)
rElec   .            (no cloak)
rCorr   .            (no gloves)
SInv    .            (no boots)
Will    .....        (no amulet)
Stlth   +            e - +6 ring of dexterity
HPRegen 0.27/turn    i - ring of poison resistance
MPRegen 0.09/turn

%: no passive effects
@: no status effects
A: horns 2, retaliatory headbutt
a: no special abilities


You were on level 3 of the Dungeon.
You visited 1 branch of the dungeon, and saw 3 of its levels.

You collected 157 gold pieces.


Innate Abilities, Weirdness & Mutations

You have a pair of horns on your head.
You reflexively headbutt those who attack you in melee.


   Skills:
 - Level 3.0 Fighting
 + Level 5.4 Ranged Weapons
 - Level 2.1 Dodging
 - Level 1.0 Spellcasting
 - Level 2.0 Hexes


You had 5 spell levels left.
You knew the following spells:

 Your Spells              Type           Power      Damage    Failure   Level
a - Slow                  Hex            16%        N/A       19%         1

Your spell library contained the following spells:

 Spells                   Type           Power      Damage    Failure   Level
 Inner Flame              Hex/Fire       2%         N/A       65%         3
 Portal Projectile        Hex/Tloc       4%         N/A       65%         3
 Cause Fear               Hex            2%         N/A       88%         4

Inventory:

Hand Weapons
 Y - a +1 sling (weapon)
Armour
 a - a +0 leather armour (worn)
 b - a +0 ring mail
 g - the +0 leather armour "Qoyn" {Harm rF+ Regen+ Int-2}
   (You found it on level 2 of the Dungeon)

   Int:       It affects your intelligence (-2).
   rF:        It protects you from fire.
   Regen:     It increases your rate of health regeneration.
   Harm:      It increases damage dealt and taken.
Jewellery
 e - a +6 ring of dexterity (left hand)
 i - a ring of poison resistance (right hand)
Wands
 c - a wand of digging (7)
Scrolls
 f - a scroll of identify
Potions
 d - a potion of curing
 h - 2 potions of degeneration {unknown}
 j - a potion of enlightenment {unknown}
 k - 2 potions of heal wounds {unknown}

Dungeon Overview and Level Annotations

Branches:
Dungeon (3/15)

Altars:

Annotations:
D:3 Grinder


Message History

You shoot a sling bullet. The sling bullet hits the orc.
The orc is severely wounded.
The orc hits you with a +0 dagger.
You shoot a sling bullet.
The sling bullet hits the orc but does no damage.
The orc is severely wounded.
The orc hits you but does no damage.
Grinder blinks!
The orc hits you with a +0 dagger.
You shoot a sling bullet. The sling bullet barely misses the orc.
The orc hits you with a +0 dagger.
Grinder blinks!
You shoot a sling bullet.
The sling bullet hits the orc but does no damage.
The orc is severely wounded.
The orc hits you but does no damage.
You shoot a sling bullet.
The sling bullet closely misses the orc.
The orc hits you with a +0 dagger.
You shoot a sling bullet.
The sling bullet hits the orc but does no damage.
The orc is severely wounded.
The orc closely misses you.
You shoot a sling bullet.
The sling bullet closely misses the orc.
The orc misses you.
You shoot a sling bullet. The sling bullet hits the orc!
You kill the orc!
You shoot a sling bullet. The sling bullet barely misses the orc.
The orc hits you with a +0 club. The orc closely misses you.
You furiously retaliate!
You headbutt the orc, but do no damage. You shoot a sling bullet.
The sling bullet closely misses the orc.
The orc barely misses you.
Grinder blinks!
You shoot a sling bullet. The sling bullet hits the orc.
The orc is heavily wounded.
The orc hits you with a +0 club.
Grinder says, "Don't move a muscle."
You shoot a sling bullet. The sling bullet hits the orc.
The orc is heavily wounded.
The orc hits you with a +0 club.
You die...

.. .# #. .# ##.##.#
## ...... ..
#..#5##.# #. #..#...
#. ######..#o# #.
........@#.# #.
#######.###.########
#. #.## ##.......#
#. ####.###.######.#
#. #.....#.##
#.#####. #.####.##
#.....). # #.#
######## ..# # #...
###


You could see Grinder and an orc.

Vanquished Creatures
  Jessica (D:3)
  Ijyb (D:3)
  4 adders
  A worm (D:2)
  2 dart slugs
  2 orcs (D:3)
  7 ball pythons
  8 bats
  3 endoplasms (D:1)
  3 giant cockroaches
  11 goblins
  5 hobgoblins
  4 jackals (D:2)
  2 quokkas
  4 frilled lizards
  3 kobolds
  3 rats (D:1)
64 creatures vanquished.

Notes
Turn   | Place    | Note
-------+----------+-------------------------------------------
     0 | D:1      | qw the Minotaur Hexslinger began the quest for the Orb.
     0 | D:1      | Reached XP level 1. HP: 16/16 MP: 1/1
     0 | D:1      | 0 ||| qw: Version: 0.3-a-52-g30416fa
     0 | D:1      | 0 ||| qw: Game counter: 5279
     0 | D:1      | 0 ||| qw: Melee chars always use a shield: true
     0 | D:1      | 0 ||| qw: God list: Okawaru
     0 | D:1      | 0 ||| qw: Allow faded altars: false
     0 | D:1      | 0 ||| qw: Do Orc after clearing Dungeon:15 true
     0 | D:1      | 0 ||| qw: Do second Lair branch before Depths: true
     0 | D:1      | 0 ||| qw: Lair rune preference: random
     0 | D:1      | 0 ||| qw: Goals: Normal
     0 | D:1      | 0 ||| PLANNING D:1-11
   140 | D:1      | Reached skill level 3 in Ranged Weapons
   141 | D:1      | Reached XP level 2. HP: 20/23 MP: 2/2
   387 | D:1      | HP: 6/24 [giant cockroach (1)]
   389 | D:1      | Reached XP level 3. HP: 8/29 MP: 3/3
   872 | D:1      | 872 ||| UPGRADING to +6 ring of dexterity.
   873 | D:1      | 873 ||| UPGRADING to ring of poison resistance.
   874 | D:1      | 874 ||| READING scroll labelled BOSIMN VOMMAIMER.
   875 | D:1      | 875 ||| READING scroll labelled WAHAOR CULLIST.
   876 | D:1      | 876 ||| READING scroll labelled DUURUI AFUARUL.
   877 | D:1      | 877 ||| DRINKING 2 fuming yellow potions.
   878 | D:1      | 878 ||| DROPPING scroll of poison.
   962 | D:2      | Reached skill level 4 in Ranged Weapons
   967 | D:2      | 967 ||| FLEEEEING.
  1189 | D:2      | Found a faded altar of an unknown god.
  1201 | D:2      | Reached XP level 4. HP: 36/36 MP: 4/4
  1248 | D:2      | Identified the +0 leather armour "Qoyn" {Harm rF+ Regen+
                  | Int-2}
  1677 | D:2      | 1677 ||| UPGRADING to +0 leather armour.
  1687 | D:2      | 1687 ||| DROPPING +0 robe.
  1688 | D:2      | 1688 ||| READING scroll labelled OFREIDAUDY.
  1689 | D:2      | 1689 ||| READING 2 scrolls labelled WAEPAA PEAVAO.
  1725 | D:3      | Noticed Ijyb
  1736 | D:3      | Killed Ijyb
  1737 | D:3      | Reached skill level 5 in Ranged Weapons
  1855 | D:3      | Noticed Jessica
  1857 | D:3      | Killed Jessica
  1858 | D:3      | Reached skill level 3 in Fighting
  1858 | D:3      | Reached XP level 5. HP: 45/45 MP: 5/5
  2005 | D:3      | Noticed Grinder
  2010 | D:3      | Paralysed by Grinder for 5 turns
  2015 | D:3      | HP: 7/45 [Grinder (5)]
  2021 | D:3      | HP: 7/45 [orc/+0 dagger (2)]
  2023 | D:3      | HP: 3/45 [orc/+0 dagger (3)]
  2029 | D:3      | HP: 2/45 [orc/+0 club (1)]
  2032 | D:3      | Slain by an orc

Levels and vault maps discovered:
D:1:      dpeg_cavernosity, layout_loops_ring, serial_park_tiny_1
D:2:      layout_basic, ebering_ecumenical_altar_ruins, kennysheep_minor_cross
D:3:      layout_loops_ring, grunt_decor_cap, kennysheep_generic_room_9,
          uniq_grinder, uniq_ijyb, uniq_sigmund, uniq_terence, uniq_natasha,
          uniq_jessica

Skill      XL: |  1  2  3  4 |
---------------+-------------+-----
Ranged Weapons | 3 4 5 |  5.4
Fighting       | 2 3 |  3.0
Dodging        | |  2.1
Spellcasting   | |  1.0
Hexes          | |  2.0

Action                     |  1- 3 |  4- 6 || total
---------------------------+-------+-------++-------
   Fire: Sling             |   146 |    80 ||   226
    Use: Scroll            |     3 |     2 ||     5
         Potion            |     1 |       ||     1
 Armour: Robe              |    10 |       ||    10
         Leather armour    |       |     7 ||     7
  Dodge: Dodged            |    54 |    22 ||    76

Table legend:
 A = Non-vault XP
 B = Vault XP
 C = Vault XP percentage of total XP
 D = Non-vault monster count
 E = Vault monster count
 F = Vault count percentage of total count
                 A         B        C        D         E       F
            +---------+---------+-------+---------+---------+-------
      Total |     153 |      80 |  34.3 |      58 |       6 |   9.4
            +---------+---------+-------+---------+---------+-------
        D:1 |      49 |       7 |  12.5 |      31 |       4 |  11.4
        D:2 |      67 |       0 |   0.0 |      21 |       0 |   0.0
        D:3 |      37 |      73 |  66.4 |       6 |       2 |  25.0
            +---------+---------+-------+---------+---------+-------
